Map: Ever Dream LE

Players

Arctur

  • Race: Terran Terran
  • Spawn Location: 7:00

Lambo - Winner!

  • Race: Zerg Zerg
  • League: Master
  • Spawn Location: 1:00

Event: DreamHack SC2 Masters 2020 Fall

VOD

Have the link to the VOD?

Description

Time

  • Played on: Sept. 4, 2020, 12:56 p.m.
  • Length: 20:45

All games in this series

Show
View Real Time Build Order
Export as new Build Order

Arctur Terran 

Build Orders: Reaper Expand 

Get SALT Encoding   

  12  0:00  SCV  
  13  0:12  SCV  
  14  0:16  Supply Depot  
  14  0:24  SCV  
  15  0:38  SCV, Barracks  
  16  0:43  Refinery  
  16  0:50  SCV  
  17  1:02  SCV  
  18  1:14  SCV  
  19  1:25  Reaper  
  19  1:26  Orbital Command  
  20  1:39  Command Center  
  20  1:48  Supply Depot  
  20  1:52  SCV  
  21  1:57  Marine  
  22  2:04  SCV  
  22  2:08  Factory  
  23  2:16  SCV  
  23  2:22  Barracks Reactor  
  24  2:28  SCV  
  25  2:40  Command Center  
  25  2:41  SCV  
  26  2:52  Orbital Command  
  26  2:53  SCV  
  27  3:02  Starport  
  27  3:06  SCV  
  27  3:10  Refinery  
  28  3:13  Hellion  
  28  3:19  SCV  
  31  3:20  Hellion  
  31  3:22  SCV  
  31  3:24  Marine  
  35  3:31  SCV  
  35  3:34  SCV, Hellion  
  37  3:39  Starport Tech Lab  
  39  3:41  Hellion  
  39  3:48  SCV x2  
  43  3:54  Orbital Command  
  43  4:00  SCV x2  
  45  4:03  Raven  
  45  4:04  Hellion x2  
  51  4:12  SCV x2  
  51  4:13  Barracks  
  53  4:19  Barracks  
  53  4:21  SCV  
  55  4:24  SCV x2  
  55  4:28  Barracks Tech Lab  
  55  4:33  SCV, Refinery x2  
  55  4:36  SCV x2  
  55  4:38  Factory Reactor  
  58  4:39  Supply Depot  
  58  4:45  SCV  
  59  4:48  SCV x2  
  59  4:51  Stimpack  
  61  4:59  Engineering Bay x2  
  61  5:00  Starport Reactor  
  61  5:01  SCV, Supply Depot  
  61  5:04  Marine  
  61  5:05  SCV x2  
  65  5:13  Barracks  
  65  5:17  Orbital Command, Barracks  
  65  5:20  SCV x2  
  67  5:23  Marine x4, Siege Tank  
  67  5:24  Marine  
  75  5:39  Terran Infantry Weapons Level 1, Terran Infantry Armor Level 1  
  75  5:42  Marine x2  
  77  5:46  Supply Depot  
  77  5:48  Supply Depot, Marine x3  
  77  5:49  SCV x3  
  83  5:52  Medivac  
  83  5:56  Supply Depot  
  85  5:57  Supply Depot  
  85  6:07  Marine  
  85  6:08  SCV x2, Medivac, Siege Tank  
  85  6:09  Barracks Reactor x2, SCV  
  88  6:20  Marine x2  
  88  6:21  Marine x2  
  88  6:22  SCV x3  
  88  6:23  Supply Depot  
  95  6:25  Marine  
  95  6:29  Armory  
  95  6:30  Supply Depot  
  95  6:31  Combat Shield  
  96  6:34  SCV x3  
  96  6:38  Marine  
  100  6:46  SCV x3  
  103  6:48  Marine x6, Siege Tank  
  112  6:55  Medivac x2  
  112  6:58  SCV x3, Refinery, Marine x2  
  112  6:59  Marine  
  116  7:06  Marine  
  116  7:07  Command Center  
  117  7:10  SCV x2  
  119  7:16  Bunker, Factory  
  119  7:21  Marine x4  
  123  7:24  Marine x4  
  123  7:26  Marine  
  119  7:30  Siege Tank  
  119  7:34  Drilling Claws  
  122  7:38  Terran Infantry Weapons Level 2  
  122  7:39  Marine x4  
  122  7:40  Terran Infantry Armor Level 2  
  122  7:42  Marine x4  
  130  7:44  Marine  
  130  7:47  Supply Depot  
  130  7:50  Supply Depot  
  131  7:56  Marine  
  126  8:00  Marine x2  
  126  8:02  Siege Tank  
  131  8:09  Marine x4  
  135  8:14  Factory Reactor  
  135  8:15  Marine x2  
  135  8:16  Marauder, Terran Vehicle And Ship Armor Level 1  
  135  8:18  Marine x2  
  140  8:22  Barracks x2  
  140  8:25  Barracks  
  140  8:32  Marine x2  
  140  8:33  Marine x2  
  140  8:34  Marine x2, Siege Tank  
  144  8:36  Marine x2  
  144  8:38  Marauder  
  153  8:44  SCV  
  154  8:49  Bunker  
  154  8:50  Marine x2  
  154  8:51  Marine x4  
  154  8:54  Widow Mine x2  
  164  8:58  Marine x2  
  164  9:02  Medivac x2, Supply Depot x2  
  171  9:04  Planetary Fortress  
  171  9:07  Widow Mine  
  172  9:14  Command Center  
  170  9:17  Widow Mine  
  170  9:20  Widow Mine  
  155  9:28  Siege Tank  
  155  9:29  Barracks Tech Lab x2  
  155  9:30  Barracks Tech Lab  
  150  9:32  Medivac x2  
  150  9:34  SCV x2  
  156  9:38  Widow Mine  
  156  9:42  Widow Mine  
  156  9:43  Marauder, Marine x6  
  156  9:44  Marine x2  
  170  9:54  Marauder, Marine x2  
  176  10:00  Widow Mine x2  
  176  10:01  Marine x4  
  176  10:02  Medivac x2  
  176  10:03  Widow Mine  
  176  10:05  Marauder  
  176  10:07  Marine x4  
  184  10:12  Marauder x2  
  177  10:29  Supply Depot  
  177  10:30  Supply Depot, Marine x8  
  177  10:31  Widow Mine  
  177  10:32  Marine  
  177  10:33  Marauder, Widow Mine  
  177  10:34  Widow Mine  
  184  10:37  Marauder, Marine  
  176  10:48  Marine x7  
  176  10:49  Marauder  
  181  10:50  Marine  
  181  10:52  Widow Mine  
  181  10:54  Marauder, Widow Mine  
  181  10:55  Marauder, Widow Mine  
  181  10:56  Medivac x2  
  196  10:58  Marine  
  190  11:06  Marine x4  
  190  11:07  Marine x2  
  190  11:10  Marauder  
  184  11:13  Marine x2  
  184  11:14  Widow Mine  
  184  11:15  Marauder, Widow Mine  
  184  11:16  Concussive Shells, Marauder x2, Widow Mine  
  196  11:24  Marine x6  
  199  11:30  Marine  
  199  11:31  Marauder  
  196  11:33  Medivac x2  
  196  11:37  Marauder  
  196  11:38  Marauder x2  
  196  11:39  Marine  
  186  11:41  Widow Mine, Marine x2  
  186  11:42  Marine  
  174  11:48  Widow Mine x2, Marine x2  
  174  11:50  Marine x2  
  174  11:53  Marauder  
  161  11:57  SCV, Marine  
  161  11:59  Marine x2  
  161  12:00  Marine  
  160  12:02  Widow Mine  
  160  12:03  Medivac x2  
  160  12:07  Terran Infantry Weapons Level 3  
  160  12:10  Widow Mine x2  
  160  12:11  Unknown  
  160  12:12  Marine x4  
  160  12:14  Marine x2  
  170  12:16  Terran Infantry Armor Level 3, Refinery  
  170  12:22  Marauder, Marine x4  
  176  12:23  Widow Mine  
  176  12:24  Planetary Fortress  
  176  12:29  Marine  
  174  12:30  Marine x4  
  174  12:32  Marine x2  
  169  12:39  Marine x3, Widow Mine  
  169  12:40  Widow Mine, Marine  
  169  12:43  Marauder  
  179  12:47  Marine  
  179  12:48  Marine x4  
  179  12:51  Marauder x2  
  169  12:57  Marine x4  
  173  12:58  Widow Mine  
  173  13:00  SCV x3  
  173  13:01  Widow Mine  
  173  13:04  Marine  
  173  13:05  Marine x3  
  166  13:06  Marine x2  
  166  13:12  Marauder x2, Widow Mine  
  144  13:15  Marine x4  
  148  13:20  Widow Mine  
  148  13:27  Marine x2  
  148  13:28  Marauder  
  148  13:30  Marine  
  148  13:31  Marine  
  148  13:33  Marine  
  155  13:34  Marine, Widow Mine  
  155  13:36  Command Center  
  155  13:38  Command Center  
  158  13:44  Marauder, Marine x2  
  158  13:47  Command Center  
  163  13:49  Marine x3  
  163  13:51  Command Center  
  163  13:52  Widow Mine x2  
  165  13:57  Sensor Tower  
  165  13:58  Sensor Tower  
  165  14:00  Starport x2  
  165  14:01  Fusion Core  
  165  14:05  Ghost Academy  
  165  14:07  Terran Vehicle And Ship Armor Level 2  
  165  14:23  Command Center  
  157  14:42  Marine  
  157  14:43  Widow Mine x2  
  157  14:45  Liberator x2  
  157  14:47  Advanced Ballistics, Liberator x2  
  157  14:48  Ghost  
  157  14:49  Ghost x3  
  157  14:50  Marine  
  157  14:52  Refinery  
  172  14:53  Refinery  
  168  15:14  Marine  
  168  15:17  Ghost  
  171  15:21  Reaper  
  171  15:23  Sensor Tower  
  171  15:25  Marine x4  
  171  15:26  Marauder x2, Marine x2  
  171  15:27  Marauder  
  171  15:28  Liberator x2  
  182  15:30  Liberator x2  
  186  15:46  Marine x2  
  186  15:47  Marauder  
  160  15:51  Marauder, Marine x2  
  160  15:52  Marauder, Marine  
  162  16:09  Marauder x2, Marine x4  
  162  16:11  Liberator x2  
  167  16:13  Liberator x2  
  167  16:15  Planetary Fortress  
  167  16:16  SCV x3  
  167  16:18  SCV  
  183  16:28  SCV  
  167  16:34  Marauder, Marine x2  
  155  16:40  Marine x4  
  155  16:41  Marauder, Marine x2  
  155  16:44  Marine  
  155  16:45  Marauder  
  166  16:49  Personal Cloaking  
  166  16:54  Liberator x2  
  166  16:55  Liberator  
  166  16:56  Liberator  
  166  16:57  Marine x2  
  166  16:58  Marauder, Marine x2  
  178  17:04  Planetary Fortress  
  178  17:05  Neosteel Armor  
  178  17:06  Terran Vehicle And Ship Armor Level 3, Hi-Sec Auto Tracking  
  160  17:19  Marauder, Marine x2  
  151  17:23  Marine x2  
  151  17:24  Marauder, Marine x6  
  151  17:27  Unknown  
  161  17:36  Liberator x2  
  164  17:37  Marine x2  
  164  17:38  Liberator x2  
  164  17:41  Marauder, Marine x2  
  179  17:46  Refinery  
  179  17:47  Refinery  
  179  17:52  Command Center, Sensor Tower  
  179  17:53  Marauder, Marine x4  
  189  17:58  Widow Mine x2  
  189  18:00  Widow Mine  
  191  18:06  Marine x2  
  191  18:07  Marauder  
  195  18:22  Ghost  
  195  18:23  Ghost  
  180  18:27  Marine x2  
  180  18:28  Marauder, Marine x2  
  180  18:29  Marauder  
  180  18:30  Marine x2  
  180  18:31  Liberator x3  
  192  18:34  Marine  
  187  18:42  Marine  
  187  18:45  Marine  
  187  18:47  Medivac  
  191  18:49  Marauder  
  191  18:50  Marauder  
  191  18:52  Marauder x2  
  191  18:55  Marine  
  176  19:08  Marine x2  
  176  19:09  Marine x2  
  163  19:10  Marine x3  
  163  19:11  Marauder  
  163  19:12  Marauder  
  163  19:13  Marauder, Marine  
  163  19:14  Marine  
  163  19:16  SCV  
  155  19:25  Marine x2  
  155  19:26  Marine x2  
  155  19:28  Marine x3  
  154  19:31  Marauder, Marine  
  154  19:32  Marine  
  154  19:33  Marauder  
  154  19:34  Marine  
  152  19:40  Widow Mine x2, Siege Tank  
  159  19:48  SCV x2  
  159  19:49  SCV x2  
  163  19:57  Missile Turret, Sensor Tower  
  163  19:59  Missile Turret  
  163  20:01  Widow Mine  
  165  20:12  Siege Tank  
Show
View Real Time Build Order
Export as new Build Order

Lambo Zerg - Winner!

Build Orders: Hatch First, Lurkers 

Get SALT Encoding   

  12  0:00  Drone  
  13  0:12  Overlord  
  13  0:16  Drone  
  14  0:30  Drone x2  
  16  0:47  Hatchery  
  15  0:51  Drone  
  15  0:56  Drone  
  17  0:58  Drone  
  18  1:12  Spawning Pool  
  18  1:17  Drone  
  18  1:18  Extractor  
  17  1:21  Drone  
  18  1:29  Drone  
  19  1:39  Drone  
  20  1:56  Overlord  
  20  1:59  Queen x2  
  20  2:00  Zergling x4  
  26  2:12  Drone x2  
  27  2:23  Drone x2  
  27  2:24  Metabolic Boost  
  29  2:31  Overlord  
  29  2:33  Drone  
  30  2:43  Queen  
  32  2:45  Drone x2  
  34  2:55  Drone x2  
  36  3:01  Hatchery  
  35  3:07  Drone x2  
  35  3:11  Drone  
  35  3:12  Drone  
  39  3:13  Overlord  
  39  3:21  Drone x2  
  39  3:24  Queen  
  43  3:29  Drone  
  44  3:36  Drone x2  
  46  3:44  Queen, Drone x2  
  46  3:45  Overlord  
  46  3:48  Overlord  
  50  3:53  Zergling x4  
  52  4:02  Overlord  
  52  4:04  Overlord  
  52  4:06  Zergling x4  
  52  4:07  Queen  
  56  4:10  Baneling Nest  
  56  4:11  Overlord  
  56  4:15  Queen  
  57  4:18  Drone x2  
  57  4:20  Drone  
  57  4:23  Drone x2  
  62  4:26  Drone  
  62  4:27  Drone  
  62  4:30  Drone  
  65  4:32  Lair  
  65  4:35  Drone x2  
  67  4:39  Extractor  
  67  4:40  Extractor  
  67  4:41  Drone  
  66  4:46  Drone x3  
  66  4:48  Drone x2  
  66  4:49  Drone  
  66  4:50  Spore Crawler  
  66  4:51  Drone  
  72  4:53  Drone  
  72  4:54  Drone  
  72  4:58  Drone x2  
  76  5:01  Drone x3  
  76  5:03  Drone  
  76  5:07  Evolution Chamber x2  
  79  5:11  Drone x2  
  79  5:14  Drone  
  82  5:21  Drone x2, Extractor  
  82  5:22  Extractor  
  82  5:26  Drone x3  
  82  5:27  Spore Crawler  
  82  5:28  Spore Crawler  
  82  5:29  Zergling x2  
  82  5:30  Zergling x4  
  82  5:31  Hatchery  
  85  5:36  Drone x4  
  89  5:47  Zerg Ground Armor Level 1  
  89  5:48  Zerg Melee Weapons Level 1, Centrifical Hooks  
  89  5:54  Overlord  
  89  5:56  Overlord  
  89  5:57  Overlord  
  89  5:58  Overlord  
  89  5:59  Overlord  
  89  6:00  Overlord  
  89  6:01  Overlord  
  89  6:03  Overlord x2  
  89  6:07  Overlord  
  89  6:08  Overlord  
  89  6:10  Overlord  
  89  6:11  Overlord  
  89  6:14  Overlord  
  89  6:15  Zergling x8  
  89  6:19  Drone x2  
  89  6:21  Drone x3  
  94  6:30  Zergling x6  
  97  6:37  Zergling x8  
  97  6:39  Queen  
  103  6:41  Overlord  
  103  6:42  Hatchery  
  103  6:44  Zergling x2  
  103  6:46  Zergling x4  
  105  6:54  Zergling x4  
  105  6:58  Zergling x14  
  114  7:02  Zergling x2  
  114  7:04  Drone  
  114  7:05  Drone x3  
  118  7:09  Zergling x4  
  118  7:11  Queen  
  118  7:14  Hydralisk Den  
  121  7:17  Baneling x9  
  121  7:20  Zergling x8  
  124  7:25  Zergling x8, Baneling  
  124  7:26  Baneling x3  
  124  7:29  Zergling x2  
  120  7:30  Zergling x4  
  117  7:39  Drone x8  
  117  7:43  Zergling x2  
  126  7:44  Hatchery  
  126  7:45  Zergling x4  
  126  7:48  Extractor  
  126  7:49  Infestation Pit, Muscular Augments  
  125  7:57  Zergling x2  
  125  7:58  Zergling x10  
  124  7:59  Zergling x6  
  124  8:02  Zergling x2  
  124  8:04  Zergling x2  
  125  8:10  Zergling x16  
  131  8:15  Zerg Ground Armor Level 2, Zerg Melee Weapons Level 2  
  131  8:16  Hydralisk  
  131  8:18  Hydralisk  
  134  8:21  Hydralisk x2, Baneling x8  
  134  8:22  Hydralisk x3  
  134  8:25  Hydralisk  
  145  8:28  Hydralisk x3  
  145  8:32  Zergling x4  
  154  8:35  Hydralisk  
  154  8:36  Baneling x3  
  154  8:38  Hive  
  154  8:40  Hatchery  
  154  8:41  Hydralisk x3  
  152  8:44  Hydralisk x3  
  152  8:45  Zergling x4  
  162  8:49  Zergling x6  
  165  8:57  Zergling x16  
  165  8:59  Baneling x9  
  165  9:00  Grooved Spines  
  173  9:08  Zergling x6  
  176  9:10  Zergling x2  
  176  9:13  Zergling x6  
  176  9:15  Zergling x8  
  183  9:21  Zergling x12  
  170  9:28  Zergling x10  
  170  9:33  Zergling x2  
  171  9:44  Zergling x14  
  178  9:45  Overseer, Baneling  
  178  9:46  Baneling x4  
  178  9:48  Pneumatized Carapace  
  178  9:52  Zergling x14  
  185  9:56  Spawning Pool, Zergling x2  
  185  9:57  Zergling x4  
  185  9:59  Zergling x2  
  189  10:00  Zergling x2  
  189  10:02  Adrenal Glands  
  189  10:05  Zergling x6  
  175  10:08  Zergling x2  
  175  10:13  Zergling x8  
  175  10:14  Zergling x10  
  164  10:23  Viper, Extractor  
  164  10:24  Zergling x8, Ultralisk Cavern  
  164  10:26  Hatchery  
  164  10:28  Zergling x4  
  168  10:35  Zergling x8  
  166  10:36  Overseer  
  163  10:42  Zergling x2  
  163  10:43  Zergling x6  
  163  10:46  Zergling x6  
  167  10:54  Zergling x2  
  167  10:55  Baneling x5  
  167  10:58  Overlord x2  
  167  11:01  Overlord  
  167  11:03  Zergling x10  
  166  11:06  Zergling x6  
  166  11:09  Zerg Ground Armor Level 3  
  166  11:10  Zerg Melee Weapons Level 3  
  158  11:13  Zergling x12  
  158  11:16  Zergling x2  
  159  11:19  Zergling x2, Baneling x6  
  159  11:23  Zergling x2  
  159  11:25  Zergling x4  
  162  11:27  Baneling x3  
  162  11:31  Zergling x2  
  158  11:33  Overseer  
  158  11:35  Zergling x2  
  158  11:36  Zergling x4  
  158  11:39  Zergling x6  
  156  11:41  Chitinous Plating, Hydralisk  
  156  11:42  Hydralisk x3  
  156  11:47  Hydralisk x3  
  152  11:50  Hydralisk x3  
  152  11:53  Hydralisk  
  159  11:57  Hydralisk x2  
  154  12:04  Zergling x4  
  154  12:08  Drone x5  
  160  12:15  Lurker Den  
  160  12:17  Baneling x10  
  160  12:18  Zergling x10  
  160  12:22  Hatchery  
  163  12:25  Zergling x12  
  163  12:26  Unknown  
  167  12:30  Zergling x10  
  167  12:34  Zergling x8  
  167  12:36  Zergling x2  
  168  12:38  Zergling x2  
  168  12:39  Zergling x6  
  168  12:42  Zergling x4  
  168  12:43  Baneling x5  
  170  12:45  Zergling x4  
  170  12:46  Overseer  
  170  12:51  Zergling x10  
  170  12:54  Zergling x2  
  170  12:55  Zergling x6  
  170  12:57  Zergling x2  
  152  12:59  Zergling x4  
  152  13:02  Zergling x2  
  152  13:03  Zergling x4  
  141  13:07  Zergling x2  
  141  13:10  Hydralisk x4  
  145  13:15  Baneling x9  
  145  13:16  Seismic Spines  
  145  13:18  Lurker x2  
  145  13:19  Lurker  
  148  13:23  Hydralisk x2, Lurker  
  153  13:27  Lurker  
  153  13:31  Zergling x10  
  159  13:40  Extractor  
  158  13:43  Lurker x6  
  158  13:47  Zerg Missile Weapons Level 1, Zergling x18  
  173  13:50  Overseer  
  173  13:52  Hydralisk x2  
  173  13:54  Lurker  
  178  13:58  Spore Crawler  
  177  14:03  Drone x3  
  180  14:15  Overlord  
  180  14:16  Overlord  
  177  14:19  Overlord  
  177  14:21  Overlord  
  177  14:22  Overlord  
  173  14:24  Hydralisk x3  
  178  14:32  Overlord  
  178  14:33  Hydralisk x5  
  178  14:34  Zergling x2  
  178  14:37  Overlord, Lurker Den  
  186  14:41  Hydralisk x3  
  186  14:42  Spawning Pool  
  190  14:50  Drone x3  
  193  14:54  Viper x2  
  193  14:57  Hatchery, Overseer  
  193  14:58  Overseer x2  
  198  15:01  Spore Crawler  
  198  15:04  Hydralisk x3  
  190  15:14  Hydralisk x4  
  198  15:26  Zergling x2  
  198  15:27  Zergling x2  
  199  15:32  Overlord  
  198  15:39  Zergling x2  
  198  15:40  Zergling x8  
  193  15:45  Zergling x22  
  187  15:51  Hydralisk x4  
  187  15:54  Adaptive Talons  
  184  16:02  Zergling x32  
  200  16:07  Zergling x10  
  196  16:12  Overseer, Drone x4  
  200  16:28  Zergling x6  
  200  16:31  Zergling x6  
  188  16:34  Hydralisk x7  
  188  16:37  Hydralisk x2  
  173  16:41  Hydralisk x2  
  176  16:56  Hydralisk x7  
  188  17:03  Hydralisk x3  
  189  17:12  Hydralisk x5  
  189  17:13  Zergling x2  
  180  17:19  Hydralisk x3  
  161  17:31  Zerg Missile Weapons Level 2  
  161  17:34  Drone x2  
  161  17:35  Drone, Lurker x6  
  161  17:36  Overseer, Lurker  
  171  17:40  Drone x3  
  171  17:44  Lurker x3  
  174  17:45  Zergling x10  
  174  17:50  Hydralisk  
  174  17:51  Zergling x6  
  184  17:52  Overseer x2  
  184  17:58  Zergling x6  
  184  17:59  Zergling x6  
  184  18:02  Zergling x10  
  184  18:04  Overseer  
  195  18:11  Overseer, Lurker  
  196  18:15  Spire  
  196  18:18  Baneling x14  
  196  18:19  Zergling x8  
  193  18:27  Zergling x16  
  193  18:36  Hydralisk x6  
  199  18:44  Zergling x14  
  200  19:02  Hydralisk x8  
  196  19:07  Hydralisk x6  
  192  19:13  Hydralisk x3  
  192  19:17  Hydralisk x2  
  188  19:26  Hydralisk x4  
  189  19:44  Hydralisk  
  189  19:45  Zergling x14  
  194  19:47  Lurker x2  
  194  19:48  Hatchery  
  194  19:52  Spore Crawler  
  194  19:53  Zergling x10  
  199  20:07  Spore Crawler  
  198  20:27  Zergling x2  
  190  20:42  Lurker  

Tags
 
Add a new tag
Caveats
  • Supply blocks, unpowered buildings, or Contaminate may cause inaccurate times.
  • Supply counts are checked every 10 seconds.